 Dungeon Crawl Stone Soup version 0.30-a0-358-g0d69a1922f (webtiles) character file.

Game seed: 6187455460101026529

168 Fcdlsnvl the Vexing (level 5, 0/24 HPs)
             Began as a Spriggan Enchanter on Nov 9, 2022.
             Slain by a crimson imp (1 damage)
             ... summoned by Natasha
             ... on level 3 of the Dungeon.
             The game lasted 00:04:12 (1782 turns).

Fcdlsnvl the Vexing (Spriggan Enchanter)            Turns: 1782, Time: 00:04:13

Health: 0/24       AC:  3    Str:  4    XL:     5   Next: 23%
Magic:  5/13       EV: 17    Int: 16    God:
Gold:   115        SH:  0    Dex: 18    Spells: 6/14 levels left

rFire   . . .      SeeInvis +    a - +2 dagger
rCold   . . .      Faith    .    (no shield)
rNeg    . . .      Spirit   .    b - +1 robe
rPois   .          Reflect  .    (helmet restricted)
rElec   .          Harm     .    (no cloak)
rCorr   .          Rampage  .    (gloves unavailable)
Will    .....                    (boots unavailable)
Stlth   +++.......               (no amulet)
HPRegen 0.24/turn                (no ring)
MPRegen 0.13/turn                (no ring)

@: very quick
A: very small, no large weapons, unfitting armour, see invisible, speed 3
a: no special abilities


You were on level 3 of the Dungeon.
You visited 1 branch of the dungeon, and saw 3 of its levels.

You collected 115 gold pieces.

Inventory:

Hand Weapons
 a - a +2 dagger (weapon)
Armour
 b - a +1 robe (worn)
Scrolls
 e - a scroll of fear
 g - a scroll of teleportation
Potions
 c - 2 potions of invisibility
 d - a potion of curing
 f - 2 potions of haste
 h - 2 potions of flight {unknown}
 i - a potion of degeneration {unknown}
 j - a potion of heal wounds {unknown}


   Skills:
 - Level 1.1 Short Blades
 - Level 2.6 Dodging
 + Level 4.7 Stealth
 + Level 5.0 Spellcasting
 + Level 5.6 Hexes


You had 6 spell levels left.
You knew the following spells:

 Your Spells              Type           Power      Damage    Failure   Level
a - Ensorcelled Hibernat  Hex/Ice        26%        N/A       7%          2
b - Tukima's Dance        Hex            22%        N/A       4%          3
d - Confusing Touch       Hex            22%        N/A       4%          3

Your spell library contained the following spells:

 Spells                   Type           Power      Damage    Failure   Level
 Dazzling Flash           Conj/Hex       26%        N/A       14%         3


Dungeon Overview and Level Annotations

Branches:
Dungeon (3/15)

Altars:
Okawaru
Trog

Annotations:
D:3 Natasha


Innate Abilities, Weirdness & Mutations

You are very small and have problems with some larger weapons.
You are too small for most types of armour.
You have supernaturally acute eyesight. (SInv)
You cover ground extremely quickly. (Speed+++)


Message History

Aiming: Ensorcelled Hibernation (safe; 7% risk of failure)
Press: ? - help, Shift-Dir - straight line, f/p - Natasha
Aim: Natasha, carrying a wand of flame (7) (chance to affect: 47%) Natasha looks drowsy...
Natasha closely misses you.
You closely miss Natasha.
Natasha zaps a wand.
The puff of flame hits you.
* * * LOW HITPOINT WARNING * * *
You feel better.
Natasha zaps a wand.
The puff of flame misses you.
Casting: Ensorcelled Hibernation (safe; 7% risk of failure)
Confirm with . or Enter, or press ? or * to list all spells.
The spell is quite dangerous to miscast (4% risk of failure)!
Continue anyway?
Your hands begin to glow red.
Natasha claws you but does no damage.
You hit Natasha but do no damage.
Natasha wildly gestures.
Natasha's front paws start to glow.
Natasha mumbles some strange words.
Unknown command.
You closely miss Natasha.
Natasha zaps a wand.
The puff of flame hits you.
* * * LOW HITPOINT WARNING * * *
You hit Natasha but do no damage.
Natasha appears confused.
The crimson imp misses you. Natasha closely misses you.
You hit Natasha.
Natasha is lightly wounded.
The crimson imp hits you but does no damage.
You hit Natasha.
Natasha is moderately wounded.
Natasha barely misses you.
Natasha claws herself.
The crimson imp hits you.
* * * LOW HITPOINT WARNING * * *
You hit Natasha.
Natasha is severely wounded.
The crimson imp blinks!
You barely miss Natasha.
Natasha is severely wounded.
Natasha claws you!
* * * LOW HITPOINT WARNING * * *
Unknown command.
You hit Natasha.
Natasha is severely wounded.
The crimson imp hits you.
You die...

....## #..#####.....## ##.###
....# ###.## ##.#.÷#### #.# ...##
#...# ###.#.....# #.# ...####.###
#...##.##.####.# ...##...#
#.##...##..##..####
...##.#########.##.###..........#
......##....>...#..# #..........#
..####...###.......# #..........#
.#####.### #....@h†# #..........#
.###(..# #..)5...# #...........
###.#### ##.......#############.
###.# ###...†######.......# #.
#...# #......(............# #.
#.### #....########..###### #.
#.### #....# #..########## ...[#
###### #####_.....#. ###.#
#......o.


You could see Natasha (confused) and a crimson imp (summoned).

Vanquished Creatures
  Pargi (D:3)
  Natasha (D:3)
  2 worms (D:2)
  2 dart slugs (D:1)
  An orc (D:3)
  6 ball pythons
  4 endoplasms
  2 goblins (D:1)
  4 hobgoblins
  3 kobolds (D:1)
  2 quokkas (D:1)
  2 bats
  A frilled lizard (D:3)
  3 rats
34 creatures vanquished.

Notes
Turn   | Place    | Note
-------+----------+-------------------------------------------
     0 | D:1      | Fcdlsnvl the Spriggan Enchanter began the quest for the
                  | Orb.
     0 | D:1      | Reached XP level 1. HP: 9/9 MP: 5/5
   144 | D:1      | Reached XP level 2. HP: 13/13 MP: 7/7
   147 | D:1      | Learned a level 2 spell: Ensorcelled Hibernation
  1067 | D:2      | Reached XP level 3. HP: 16/16 MP: 6/9
  1380 | D:2      | Learned a level 3 spell: Tukima's Dance
  1384 | D:2      | Learned a level 3 spell: Confusing Touch
  1472 | D:3      | Noticed Pargi
  1484 | D:3      | Killed Pargi
  1485 | D:3      | Reached skill level 5 in Hexes
  1485 | D:3      | Reached XP level 4. HP: 13/21 MP: 5/11
  1596 | D:3      | Reached XP level 5. HP: 24/24 MP: 13/13
  1684 | D:3      | Noticed Natasha
  1692 | D:3      | Killed Natasha
  1693 | D:3      | Reached skill level 5 in Spellcasting
  1721 | D:3      | Found a bloodstained altar of Trog.
  1721 | D:3      | Found an iron altar of Okawaru.
  1765 | D:3      | Noticed Natasha
  1772 | D:3      | HP: 1/24 [Natasha/puff of flame (3)]
  1781 | D:3      | HP: 1/24 [Natasha (7)]
  1782 | D:3      | Slain by a crimson imp

Illustrated notes

Levels and vault maps discovered:
D:1:      tarquinn_simple_flora_water_f, layout_loops_corners,
          chequers_serial_rivers_micro_a, corexii_hall_statues_x
D:2:      layout_rooms, grunt_decor_one_mirror
D:3:      layout_rooms, grunt_temple_overflow_bloody_war,
          ebering_ghost_reflecting_pool, dk_noncrumbling_3, kennysheep_boxes,
          uniq_natasha, uniq_pargi

Skill      XL: |  1  2  3  4  5 |
---------------+----------------+-----
Spellcasting   | 3 4 5 |  5.0
Hexes          | 4 5 |  5.6
Short Blades   | |  1.1
Dodging        | |  2.6
Stealth        | |  4.7

Action                   |  1- 3 |  4- 6 || total
-------------------------+-------+-------++-------
Melee: Dagger            |    72 |    23 ||    95
 Cast: Ensorcelled Hiber |     6 |     4 ||    10
       Confusing Touch   |     1 |     2 ||     3
  Use: Scroll            |     7 |     3 ||    10
       Potion            |       |     1 ||     1
 Stab: Sleeping          |    18 |     2 ||    20
       Confused          |     2 |       ||     2
Armor: Robe              |     8 |     2 ||    10
Dodge: Dodged            |    40 |     9 ||    49

Table legend: (Time is in decaauts)
 A = Elapsed time spent in this place.
 B = Non-inter-level travel time spent in this place.
 C = Inter-level travel time spent in this place.
 D = Time resting spent in this place.
 E = Time spent auto-exploring this place.
 F = Levels seen in this place.
 G = Mean time per level.
                   A        B        C        D        E       F      G
               +--------+--------+--------+--------+--------+-----+--------+
         Total |   1229 |   1192 |     37 |      0 |    909 |   3 |  409.7 |
       Dungeon |   1229 |   1192 |     37 |      0 |    909 |   3 |  409.7 |
               +--------+--------+--------+--------+--------+-----+--------+

Top non-repeatable levels by time:
     D:1: 620 daAuts
     D:2: 317 daAuts
     D:3: 292 daAuts
